 Dungeon Sprint DCSS version 0.20.1-1-g8b1a95d (console) character file.

145 bli the Fighter (level 5, -8/51 HPs)
             Began as a Demonspawn Wanderer on Sept 6, 2017.
             Was an Initiate of Makhleb.
             Engulfed by a cloud of flame (23 damage)
             ... in the Dungeon (Sprint V: "Ziggurat Sprint").
             The game lasted 00:09:23 (147 turns).

bli the Fighter (Demonspawn Wanderer)                Turns: 147, Time: 00:09:24

Health: -8/51      AC: 14    Str: 24    XL:     5   Next: 6%
Magic:  0/7        EV: 11    Int: 14    God:    Makhleb [......]
Gold:   0          SH:  0    Dex: 13    Spells: 4/4 levels left

rFire    + + .     SeeInvis .   a - +10 dark maul {crush}
rCold    x . .     Gourm    .   (shield currently unavailable)
rNeg     . . .     Faith    .   I - +5 fire dragon scales
rPois    .         Spirit   +   (no helmet)
rElec    .         Reflect  .   (no cloak)
rCorr    .         Harm     .   (no gloves)
MR       .....     NoTele   +   (no boots)
Stlth    ..........             (no amulet)
Regen    0.2/turn               S - +6 ring of strength
MPRegen  0.1/turn               T - +6 ring of strength

@: no status effects
A: claws 1, magic shield
a: Renounce Religion


You were in the Dungeon.
You worshipped Makhleb.
Makhleb was noncommittal.
You were not hungry.

You visited 1 branch

Inventory:

Hand Weapons
 a - the +10 dark maul (weapon) {crush}
   (You found it in the Dungeon)

   It inflicts extra damage upon your enemies.
 b - the +7 great mace "Firestarter" {inner flame, rF++}
   (You found it in the Dungeon)

   It has been specially enchanted to burn those struck by it, causing extra
   injury to most foes and up to half again as much damage against particularly
   susceptible opponents.
   It greatly protects you from fire.
 d - a +0 blowgun
 D - the +13 mace of Variability {chaos}
   (You found it in the Dungeon)

   Each time it hits an enemy it has a different, random effect.
Missiles
 c - 14 poisoned needles
Armour
 B - the +15 Maxwell's patent armour {-Cast -Tele rElec MR+ rCorr}
   (You found it in the Dungeon)

   It insulates you from electricity.
   It affects your resistance to hostile enchantments.
   It prevents spellcasting.
   It prevents most forms of teleportation.
   It protects you from acid and corrosion.
 H - a +2 scale mail
 I - +5 fire dragon scales (worn)
 J - +5 gold dragon scales
Jewellery
 O - a +6 ring of dexterity
 P - a +6 ring of dexterity
 Q - a +6 ring of intelligence
 R - a +6 ring of intelligence
 S - a +6 ring of strength (left claw)
 T - a +6 ring of strength (right claw)
Wands
 K - a wand of disintegration (7/24)
 L - a wand of iceblast (5/15)
 M - a wand of lightning (5/15)
 N - a wand of acid (5/15)
Scrolls
 k - 4 scrolls of blinking
 r - 4 scrolls of amnesia
 s - 3 scrolls of recharging
 t - 7 scrolls of fog
 u - 5 scrolls of identify
 v - 5 scrolls of remove curse
 w - 2 scrolls of fear
 y - a scroll of holy word
Potions
 e - 10 potions of curing
 g - 10 potions of heal wounds
 h - 6 potions of haste
 i - 7 potions of magic
 j - 3 potions of berserk rage
 l - 2 potions of brilliance
 m - 2 potions of invisibility
 n - 4 potions of resistance
 p - 5 potions of agility
 q - 5 potions of might
Miscellaneous
 U - a lightning rod (4/4)
Comestibles
 f - 5 bread rations
 x - 42 fruits
 z - 4 meat rations


   Skills:
 + Level 8.7 Fighting
 * Level 4.5 Maces & Flails
 - Level 1.0 Throwing
 * Level 5.1 Armour
 + Level 2.5 Dodging
 - Level 1.0 Unarmed Combat
 + Level 3.1 Invocations
 + Level 1.0 Evocations


You had 4 spell levels left.
You didn't know any spells.

Dungeon Overview and Level Annotations

Branches:
Dungeon (1/1)

Altars:
Ashenzari
Cheibriados
Dithmenos
Elyvilon
Fedhas
Gozag
Hepliaklqana
Kikubaaqudgha
Makhleb
Nemelex Xobeh
Okawaru
Qazlal
Ru
Sif Muna
Trog
Uskayaw
Vehumet
Xom
Yredelemnul
Zin
The Shining One
Beogh
Jiyva
Lugonu

Annotations:
D 1 transporter


Innate Abilities, Weirdness & Mutations

You have sharp fingernails.
When hurt, damage is shared between your health and your magic reserves.


Message History

Your base attributes are Str 11, Int 14, Dex 12.
Increase (S)trength, (I)ntelligence, or (D)exterity?
You feel agile.
You have reached level 4!
You feel stronger.
Your demonic ancestry asserts itself...
Your fingernails lengthen.
You have reached level 5!
You are engulfed in blazing flames.
You resist. The fire elemental barely misses you. The fire elemental hits you.
The fire elemental burns you! You resist. The fire elemental hits you.
The fire elemental burns you! You resist. The fire elemental hits you.
The fire elemental burns you! You resist.
You bludgeon the fire elemental!!
The fire elemental is almost destroyed.
You are engulfed in blazing flames.
You resist. The fire elemental barely misses you. The fire elemental hits you.
The fire elemental burns you! You resist.
* * * LOW HITPOINT WARNING * * *
The fire elemental closely misses you.
You closely miss the fire elemental.
The fire elemental is almost destroyed.
You are engulfed in blazing flames.
You resist.
You die...

▓▓▓▓▓▓▓
▓.8©8.▓
▓.....▓
▓.".!.▓
▓...§.▓
▓.E§§.▓
▓.§@§.▓
▓▓▓▓▓▓▓


You could see a fire elemental.

Vanquished Creatures
  A fire elemental (D)
1 creature vanquished.

Notes
Turn   | Place    | Note
-------+----------+-------------------------------------------
     0 | D        | bli the Demonspawn Wanderer began the quest for the Orb.
     0 | D        | bli set off with: a +2 scale mail, a +0 hand axe, 14 poisoned needles, a +0 blowgun, a potion of curing, a bread ration, a potion of heal wounds, a potion of haste, 2 potions of magic, a potion of berserk rage, a scroll of blinking
     0 | D        | Reached XP level 1. HP: 19/19 MP: 1/1
     0 | D        | Found a deep blue altar of Sif Muna.
     0 | D        | Found a sacrificial altar of Ru.
     0 | D        | Found a bloodstained altar of Trog.
     0 | D        | Found a stormy altar of Qazlal.
     0 | D        | Found an iron altar of Okawaru.
     0 | D        | Found a sparkling altar of Nemelex Xobeh.
     0 | D        | Found a blossoming altar of Fedhas.
     2 | D        | Found a transporter.
     2 | D        | Found an ancient bone altar of Kikubaaqudgha.
     2 | D        | Found a viscous altar of Jiyva.
     2 | D        | Found a corrupted altar of Lugonu.
     2 | D        | Found a hazy altar of Hepliaklqana.
     2 | D        | Found a burning altar of Makhleb.
     2 | D        | Found an opulent altar of Gozag.
    86 | D        | Became a worshipper of Makhleb the Destroyer
   107 | D        | Reached skill level 5 in Fighting
   107 | D        | Gained mutation: When hurt, damage is shared between your health and your magic reserves. [demonic ancestry]
   107 | D        | Reached XP level 2. HP: 27/27 MP: 1/4
   141 | D        | Entered arena 2.
   141 | D        | Noticed a fire elemental
   141 | D        | Noticed a fire elemental
   141 | D        | Found a transporter.
   145 | D        | Killed a fire elemental
   145 | D        | Reached skill level 8 in Fighting
   145 | D        | Reached skill level 5 in Armour
   145 | D        | Reached XP level 3. HP: 26/38 MP: 2/5
   145 | D        | Gained mutation: You have sharp fingernails. [demonic ancestry]
   145 | D        | Reached XP level 4. HP: 31/45 MP: 2/6
   145 | D        | Reached XP level 5. HP: 35/51 MP: 2/7
   147 | D        | Engulfed by a cloud of flame

Skill      XL: |  1  2 |
---------------+-------+-----
Fighting       | 5 8 |  8.7
Maces & Flails | 3 4 |  4.5
Armour         | 3 5 |  5.1
Dodging        | 2 |  2.5
Invocations    | 3 |  3.1
Throwing       | |  1.0
Unarmed Combat | |  1.0
Evocations     | |  1.0

Action                   |  1- 3 |  4- 6 || total
-------------------------+-------+-------++-------
Melee: Maul              |     1 |     2 ||     3
       Great mace        |     1 |       ||     1
  Use: Potion            |     1 |       ||     1
Armor: Fire dragon scale |     2 |     4 ||     6
Dodge: Dodged            |     2 |     3 ||     5
